 Dungeon Crawl Stone Soup version 0.30-a0-12-gd8047c6341 (webtiles) character file.

Game seed: 2427641977800756351

175 xian the Sneak (level 5, -3/35 HPs)
             Began as an Octopode Brigand on Aug 24, 2022.
             Was a Believer of Zin.
             Slain by an orc
             ... wielding a +0 whip
              (6 damage)
             ... on level 3 of the Dungeon.
             The game lasted 00:11:42 (2996 turns).

xian the Sneak (Octopode Brigand)                   Turns: 2996, Time: 00:11:42

Health: -3/35      AC:  1    Str: 12    XL:     5   Next: 55%
Magic:  5/5        EV: 12    Int: 14    God:    Zin [**....]
Gold:   124        SH:  0    Dex:  8    Spells: 4/4 levels left

rFire   . . .      SeeInvis +    h - +7 dagger "Othracoge" {vorpal, rC+ rN+ Dex-5 Stlth+}
rCold   + . .      Faith    .    (no shield)
rNeg    + . .      Spirit   .    (helmet restricted)
rPois   .          Reflect  .    (no amulet)
rElec   .          Harm     .    o - ring of see invisible
rCorr   .          Rampage  .    (no ring)
Will    .....                    (no ring)
Stlth   +++++.....               (no ring)
HPRegen 0.11/turn                (no ring)
MPRegen 0.09/turn                (no ring)
                                 (no ring)
                                 (no ring)

@: no status effects
A: almost no armour, amphibious, 8 rings, camouflage 1, gelatinous body 1,
(nimble swimmer 1), tentacles
a: Renounce Religion, Recite, Vitalisation, Donate Gold


You were on level 3 of the Dungeon.
You worshipped Zin.
Zin was pleased with you.
You visited 1 branch of the dungeon, and saw 3 of its levels.

You collected 137 gold pieces.
You donated 13 gold pieces to Zin.

Inventory:

Hand Weapons
 h - the +7 dagger "Othracoge" (weapon) {vorpal, rC+ rN+ Dex-5 Stlth+}
   (You acquired it on level 1 of the Dungeon)

   It inflicts extra damage upon your enemies.
   Dex:       It affects your dexterity (-5).
   rC:        It protects you from cold.
   rN:        It protects you from negative energy.
   Stlth:     It makes you more stealthy.
Missiles
 b - 9 poisoned darts (quivered)
 c - 3 curare-tipped darts
 g - 2 throwing nets
Jewellery
 o - a ring of see invisible (left tentacle)
Scrolls
 a - 2 scrolls of identify
 d - a scroll of summoning
 f - a scroll of immolation
 i - a scroll of enchant weapon
 j - a scroll of amnesia {unknown}
 m - a scroll of blinking {unknown}
 n - 2 scrolls of fear {unknown}
Potions
 e - a potion of lignification
 k - 2 potions of mutation {unknown}
 l - a potion of flight {unknown}


   Skills:
 + Level 2.6 Fighting
 + Level 3.0 Short Blades
 + Level 2.0 Throwing
 + Level 1.6 Dodging
 + Level 7.9 Stealth


You had 4 spell levels left.
You didn't know any spells.
Your spell library was empty.

Dungeon Overview and Level Annotations

Branches:
Dungeon (3/15)

Altars:
Zin


Innate Abilities, Weirdness & Mutations

You cannot wear most types of armour.
You are amphibious.
You can wear up to eight rings at the same time.
Your skin changes colour to match your surroundings (Stealth+).
Your rubbery body absorbs attacks. (AC +1, EV +1)
((You are camouflaged when in or above water. (Stealth+)))
You have tentacles for arms and can constrict up to eight enemies at once.


Message History

You now have 109 gold pieces (gained 4).
You pay a tithe of 1 gold.
You now have 124 gold pieces (gained 15).
o - a ring of see invisible
o - a ring of see invisible (left tentacle)
A rat comes into view.
The rat barely misses you.
You hit the rat.
You kill the rat!
You see here a rat corpse.
n - 2 scrolls labelled HEBIPO HYBLUCE (gained 1)
A rat comes into view.
The rat barely misses you.
You hit the rat.
You kill the rat!
You see here a rat corpse.
Found a leather armour.
You see here a +0 leather armour.
An orc comes into view.
It is wielding a +0 hand axe. 2 orcs come into view.
The orc hits you with a +0 hand axe.
The orc shouts!
You hear a shout!
The orc hits you with a +0 hand axe. The orc attacks as you move away!
The orc completely misses you. The orc closely misses you.
Unknown command.
You hit the orc. Your grab misses the orc. Your squeeze misses the orc.
The orc is almost dead.
The orc hits you with a +0 flail. The orc barely misses you.
You closely miss the orc. You grab the orc. You constrict the orc.
The orc hits you with a +0 flail! The orc barely misses you. x2
The orc hits you with a +0 whip.
You hit the orc but do no damage.
The orc is moderately wounded.
You constrict the orc. The orc hits you with a +0 flail!
* * * LOW HITPOINT WARNING * * *
The orc misses you. The orc closely misses you.
The orc hits you with a +0 whip.
You die...

#.# #.###...##########
#.# #.#....†..........
#.####.#.#...##########
#.##.....##.## #
#.##.###.##.# # #....#
#....# # ####.###.####
# #.ooo.#### #
#..@o)...# # #.######.#
# #.# #.# # #.# #.# #
#.# #.# # #.# #.# # #.#
#.########### #.#
#............ #.#
#.###########


You could see 4 orcs.

Vanquished Creatures
  An orc wizard (D:3)
  8 adders
  3 worms
  2 dart slugs (D:1)
  2 orcs (D:3)
  9 ball pythons
  4 bats
  5 endoplasms
  2 giant cockroaches (D:2)
  4 hobgoblins
  5 jackals (D:1)
  6 kobolds
  7 frilled lizards
  6 goblins
  7 rats
71 creatures vanquished.

Notes
Turn   | Place    | Note
-------+----------+-------------------------------------------
     0 | D:1      | xian the Octopode Brigand began the quest for the Orb.
     0 | D:1      | Reached XP level 1. HP: 14/14 MP: 1/1
    85 | D:1      | Reached XP level 2. HP: 19/19 MP: 2/2
   192 | D:1      | Reached skill level 6 in Stealth
   476 | D:1      | Reached XP level 3. HP: 24/24 MP: 3/3
   517 | D:1      | Found a faded altar of an unknown god.
   527 | D:1      | Prayed at the altar of an unknown god.
   527 | D:1      | Became a worshipper of Zin the Law-Giver
   527 | D:1      | Reached * piety under Zin
  1290 | D:1      | Identified a scroll of acquirement
  1292 | D:1      | Acquired the +7 dagger "Othracoge" {vorpal, rC+ rN+ Dex-5
                  | Stlth+}
  1345 | D:2      | Reached ** piety under Zin
  1501 | D:2      | Reached skill level 7 in Stealth
  1536 | D:2      | Reached XP level 4. HP: 30/30 MP: 4/4
  1917 | D:2      | HP: 1/30 [poisoned by an adder]
  2218 | D:2      | Reached XP level 5. HP: 27/35 MP: 5/5
  2996 | D:3      | Slain by an orc

Illustrated notes

Levels and vault maps discovered:
D:1:      dpeg_arrival_boxorama, layout_basic,
          hellmonk_ecumenical_altar_crossroads, minmay_misc_feat_encased,
          minmay_misc_feat_five, grunt_decor_arrowhead, minivault_23,
          hangedman_decor_points, minmay_close_crescents
D:2:      layout_basic
D:3:      minmay_spotlight, layout_loops_ring, st_stairs_5

Skill      XL: |  1  2  3  4  5 |
---------------+----------------+-----
Stealth        | 6 7 |  7.9
Short Blades   | 3 |  3.0
Fighting       | |  2.6
Throwing       | |  2.0
Dodging        | |  1.6

Action                   |  1- 3 |  4- 6 || total
-------------------------+-------+-------++-------
Melee: Dagger            |    57 |    69 ||   126
       Constrict         |    13 |    12 ||    25
       Tentacles         |    11 |     8 ||    19
       Punch             |       |     1 ||     1
  Use: Scroll            |     7 |       ||     7
 Stab: Sleeping          |    10 |     8 ||    18
Armor: Skin              |     7 |     5 ||    12
Dodge: Dodged            |    29 |    46 ||    75

Table legend: (Time is in decaauts)
 A = Elapsed time spent in this place.
 B = Non-inter-level travel time spent in this place.
 C = Inter-level travel time spent in this place.
 D = Time resting spent in this place.
 E = Time spent auto-exploring this place.
 F = Levels seen in this place.
 G = Mean time per level.
                   A        B        C        D        E       F      G
               +--------+--------+--------+--------+--------+-----+--------+
         Total |   2979 |   2937 |     42 |      0 |   2171 |   3 |  993.0 |
       Dungeon |   2979 |   2937 |     42 |      0 |   2171 |   3 |  993.0 |
               +--------+--------+--------+--------+--------+-----+--------+

Top non-repeatable levels by time:
     D:1: 1322 daAuts
     D:2: 1110 daAuts
     D:3: 546 daAuts
